 Dungeon Crawl Stone Soup version 0.25-a0-589-g1e14c549ee (webtiles) character file.

Game seed: 16170297211392237223, levelgen mode: deterministic

95 kae the Sneak (level 4, -3/30 HPs)
             Began as a Vampire Enchanter on Mar 11, 2020.
             Slain by Sigmund
             ... wielding a +3 scythe of venom
              (6 damage)
             ... on level 2 of the Dungeon.
             The game lasted 00:01:48 (1183 turns).

kae the Sneak (Vampire Enchanter)                   Turns: 1183, Time: 00:01:48

Health: -3/30      AC:  2    Str:  8    XL:     4   Next: 40%
Magic:  14/16      EV: 12    Int: 17    God:
Gold:   26         SH:  0    Dex: 14    Spells: 5/8 levels left

rFire    + . .     SeeInvis +   a - +1 dagger
rCold    + . .     Gourm    .   (no shield)
rNeg     . . .     Faith    .   b - +0 robe
rPois    +         Spirit   .   (no helmet)
rElec    +         Reflect  .   d - scarf {repulsion}
rCorr    +         Harm     .   (no gloves)
MR       .....                  (no boots)
Stlth    +.........             (no amulet)
HPRegen  0.30/turn              f - ring of magical power
MPRegen  0.15/turn              (no ring)

@: confused, lethally poisoned (-3 -> -20), resistant, regenerating quickly,
repel missiles
A: no food, fangs 3, see invisible, unbreathing
a: Exsanguinate


You were on level 2 of the Dungeon.
You were alive.

You visited 1 branch of the dungeon, and saw 2 of its levels.

You collected 26 gold pieces.

Inventory:

Hand Weapons
 a - a +1 dagger (weapon)
Armour
 b - a +0 robe (worn)
 d - a scarf of repulsion (worn)
Jewellery
 f - a ring of magical power (left hand)
Scrolls
 c - a scroll of teleportation {unknown}
 e - a scroll of noise {unknown}
 g - a scroll of magic mapping {unknown}
 h - a scroll of remove curse {unknown}
 i - a scroll of identify {unknown}
Potions
 k - a potion of curing {unknown}


   Skills:
 * Level 3.0 Short Blades
 - Level 2.1 Dodging
 + Level 5.3 Stealth
 + Level 2.6 Spellcasting
 + Level 5.2 Hexes


You had 5 spell levels left.
You knew the following spells:

 Your Spells              Type           Power        Failure   Level  Hunger
a - Corona                Hex            ###....      2%          1    N/A
b - Ensorcelled Hibernat  Hex/Ice        ##....       10%         2    N/A

Your spell library contained the following spells:

 Spells                   Type           Power        Failure   Level  Hunger
 Confusing Touch          Hex            ###.....     6%          3    N/A
 Tukima's Dance           Hex            ###.....     6%          3    N/A
 Dazzling Flash           Conj/Hex       ##....       19%         3    N/A

Dungeon Overview and Level Annotations

Branches:
Dungeon (2/15)

Altars:

Annotations:
D:2 Sigmund


Innate Abilities, Weirdness & Mutations

You do not eat.
Your natural rate of healing is unusually fast.
You have razor-sharp teeth.
You have supernaturally acute eyesight. (SInv)
You can survive without breathing.


Message History

You feel sick. Sigmund gestures at you while chanting.
You are confused.
You closely miss Sigmund. You bite Sigmund.
Sigmund is almost dead.
You feel sick.
Sigmund hits you with a +3 scythe of venom!
Ouch! That really hurt!
* * * LOW HITPOINT WARNING * * *
You are lethally poisoned!
You hit Sigmund.
Sigmund is almost dead.
* * * LOW HITPOINT WARNING * * *
You feel sick.
It was a potion of resistance.
You feel protected.
* * * LOW HITPOINT WARNING * * *
You feel sick.
Sigmund hits you with a +3 scythe of venom.
You die...

# ###### #.####
#....# #.#.....
#.!... ......†.
#.... ........ ....
#....... .r#
........ #@#
#######. #@# #. .
#†# #.
...########.# #. #
..........#.# #. #.
#####..###.# #.
#..#####...##.#.###
#######.
#.......#..)......#
#.#....)
#..####.#..##.#.#.#
#....... #.
#.#..##.#.#.#
#.#.###.


You could see Sigmund and a quokka.

Vanquished Creatures
  4 gnolls (D:2)
  3 adders (D:2)
  A worm (D:2)
  2 dart slugs (D:1)
  3 bats (D:1)
  3 giant cockroaches (D:1)
  2 goblins (D:1)
  2 hobgoblins (D:1)
  A quokka (D:2)
  3 frilled lizards
  3 kobolds
27 creatures vanquished.

Notes
Turn   | Place    | Note
-------+----------+-------------------------------------------
     0 | D:1      | kae the Vampire Enchanter began the quest for the Orb.
     0 | D:1      | Reached XP level 1. HP: 13/13 MP: 3/3
   172 | D:1      | Reached XP level 2. HP: 17/19 MP: 5/5
   185 | D:1      | Learned a level 2 spell: Ensorcelled Hibernation
   732 | D:2      | Reached XP level 3. HP: 15/24 MP: 2/6
   901 | D:2      | Reached skill level 5 in Stealth
  1055 | D:2      | Reached skill level 5 in Hexes
  1059 | D:2      | Reached XP level 4. HP: 24/30 MP: 7/7
  1176 | D:2      | Noticed Sigmund
  1183 | D:2      | Slain by Sigmund

Levels and vault maps discovered:
D:1:      matt_arrival_grand_opening, layout_loops_ring
D:2:      layout_basic, first_ration, uniq_sigmund

Skill      XL: |  1  2  3  4 |
---------------+-------------+-----
Short Blades   | 2 3 |  3.0
Stealth        | 5 |  5.3
Hexes          | 5 |  5.2
Dodging        | |  2.1
Spellcasting   | |  2.6

Action                   |  1- 3 |  4- 6 || total
-------------------------+-------+-------++-------
Melee: Dagger            |    62 |    15 ||    77
       Bite              |     6 |     2 ||     8
 Cast: Ensorcelled Hiber |    10 |     2 ||    12
  Use: Potion            |       |     1 ||     1
 Stab: Sleeping          |    11 |     4 ||    15
Armor: Robe              |    11 |     1 ||    12
Dodge: Dodged            |    36 |     6 ||    42
       Deflected         |     1 |       ||     1

Table legend:
 A = Non-vault XP
 B = Vault XP
 C = Vault XP percentage of total XP
 D = Non-vault monster count
 E = Vault monster count
 F = Vault count percentage of total count
                 A         B        C        D         E       F
            +---------+---------+-------+---------+---------+-------
      Total |     137 |       0 |   0.0 |      27 |       0 |   0.0
            +---------+---------+-------+---------+---------+-------
        D:1 |      29 |       0 |   0.0 |      16 |       0 |   0.0
        D:2 |     108 |       0 |   0.0 |      11 |       0 |   0.0
            +---------+---------+-------+---------+---------+-------
